 Dungeon Crawl Stone Soup version 0.29-a0-914-g906f1d757c (webtiles) character file.

Game seed: 7603006510172636212

79 GrandHerb the Sneak (level 4, -35/25 HPs)
             Began as a Kobold Enchanter on July 26, 2022.
             Killed by an exploding orc wizard (38 damage)
             ... ignited by their inner flame
             ... on level 2 of the Dungeon.
             The game lasted 00:07:09 (1172 turns).

GrandHerb the Sneak (Kobold Enchanter)              Turns: 1172, Time: 00:07:11

Health: -35/25     AC:  2    Str:  5    XL:     4   Next: 62%
Magic:  0/8        EV: 15    Int: 16    God:
Gold:   44         SH:  0    Dex: 17    Spells: 6/8 levels left

rFire   . . .      SeeInvis .   a - +1 dagger
rCold   . . .      Faith    .   (no shield)
rNeg    . . .      Spirit   .   b - +0 robe
rPois   .          Reflect  .   (no helmet)
rElec   .          Harm     .   (no cloak)
rCorr   .          Rampage  .   (no gloves)
Will    .....                   (no boots)
Stlth   ++++......              (no amulet)
HPRegen 0.08/turn               (no ring)
MPRegen 0.11/turn               (no ring)

@: about to teleport, very slightly contaminated
A: small, no large weapons, nightstalker 3
a: no special abilities


You were on level 2 of the Dungeon.
You visited 1 branch of the dungeon, and saw 2 of its levels.

You collected 44 gold pieces.

Inventory:

Hand Weapons
 a - a +1 dagger (weapon)
Armour
 b - a +0 robe (worn)
Jewellery
 g - a ring of ice
 k - a +6 ring of strength
Scrolls
 f - 3 scrolls of identify {unknown}
 h - a scroll of butterflies {unknown}
 m - a scroll of amnesia {unknown}
Potions
 c - 2 potions of invisibility
 i - a potion of degeneration {unknown}
 j - a potion of attraction {unknown}
 l - a potion of mutation {unknown}


   Skills:
 + Level 1.5 Fighting
 + Level 2.4 Short Blades
 + Level 3.0 Dodging
 + Level 4.6 Stealth
 + Level 2.7 Spellcasting
 + Level 3.3 Hexes


You had 6 spell levels left.
You knew the following spells:

 Your Spells              Type           Power      Damage    Failure   Level
a - Ensorcelled Hibernat  Hex/Ice        14%        N/A       14%         2

Your spell library contained the following spells:

 Spells                   Type           Power      Damage    Failure   Level
 Confusing Touch          Hex            13%        N/A       14%         3
 Tukima's Dance           Hex            13%        N/A       14%         3
 Dazzling Flash           Conj/Hex       14%        N/A       28%         3


Dungeon Overview and Level Annotations

Branches:
Dungeon (2/15)

Altars:
Okawaru


Innate Abilities, Weirdness & Mutations

You are small and have problems with some larger weapons.
You are completely attuned to the shadows.


Message History

You hit the kobold.
The kobold is heavily wounded.
The kobold hits you with a +0 dagger.
You closely miss the kobold.
The kobold is heavily wounded.
The kobold hits you with a +0 dagger.
You closely miss the kobold.
The kobold is heavily wounded.
The kobold hits you with a +0 dagger.
You hit the kobold but do no damage.
The kobold is heavily wounded.
The kobold barely misses you.
You hit the kobold.
You kill the kobold!
Okawaru sends forces against you!
An orc warrior, an orc, an orc priest and 2 orc wizards come into view.
Items here: ( )) [.
Okay, then.
As you read the scroll labelled YQANLEMITY, it crumbles to dust.
The creatures around you are filled with an inner flame!
It was a scroll of immolation.
As you read the scroll labelled XUSEICSEADGH, it crumbles to dust.
You feel strangely unstable.
It was a scroll of teleportation.
The orc warrior misses you.
You hit the orc wizard.
Flame seeps out of the orc wizard.
The orc wizard is lightly wounded.
Casting: Ensorcelled Hibernation (safe; 14% risk of failure)
Confirm with . or Enter, or press ? or * to list all spells.
Aiming: Ensorcelled Hibernation (safe; 14% risk of failure)
Press: ? - help, Shift-Dir - straight line, f - orc warrior
Aim: an orc warrior, wielding a +0 mace and wearing a +0 plate armour (durably summoned, inner flame, chance to affect: 40%)
The orc warrior resists with some effort.
The orc warrior hits you with a +0 mace!
* * * LOW HITPOINT WARNING * * *
The orc wizard is engulfed in blazing flames.
That felt strangely unrewarding.
The orc wizard explodes!
The fiery explosion engulfs you!!!
Ouch! That really hurt!
You die...

#####
#...##########
#....oooo@○...
#...##########
##.##
########.#
#.>......#
#.########
##.#####
........
.....##


You could see an orc warrior (inner flame), an orc priest (inner flame), an orc
wizard (inner flame) and an orc (inner flame).

Vanquished Creatures
  Terence (D:2)
  Jessica (D:2)
  An orc wizard (D:2)
  An adder (D:2)
  A worm (D:2)
  An orc (D:1)
  2 endoplasms (D:1)
  2 goblins
  2 hobgoblins (D:2)
  2 kobolds (D:2)
  2 ball pythons (D:1)
  A bat (D:2)
17 creatures vanquished.

Notes
Turn   | Place    | Note
-------+----------+-------------------------------------------
     0 | D:1      | GrandHerb the Kobold Enchanter began the quest for the Orb.
     0 | D:1      | Reached XP level 1. HP: 10/10 MP: 3/3
    93 | D:1      | Found a faded altar of an unknown god.
   120 | D:1      | Prayed at the altar of an unknown god.
   120 | D:1      | Became a worshipper of Warmaster Okawaru
   120 | D:1      | Reached * piety under Okawaru
   137 | D:1      | Fell from the grace of Okawaru
   535 | D:1      | You fall into a shaft and drop 1 floor!
   549 | D:2      | Reached XP level 2. HP: 16/16 MP: 5/5
   590 | D:2      | Noticed Jessica
   596 | D:2      | Killed Jessica
   597 | D:2      | Reached skill level 1 in Fighting
   597 | D:2      | Reached XP level 3. HP: 13/20 MP: 6/6
   702 | D:2      | Learned a level 2 spell: Ensorcelled Hibernation
   894 | D:2      | Reached XP level 4. HP: 5/25 MP: 1/7
  1151 | D:2      | Noticed Terence
  1162 | D:2      | Killed Terence
  1169 | D:2      | Noticed an orc warrior
  1172 | D:2      | Killed by an exploding orc wizard... ignited by their inner
                  | flame

Illustrated notes

Levels and vault maps discovered:
D:1:      lightli_arrival_quake, layout_basic,
          shapermc_ecumenical_altar_totnotflames
D:2:      layout_loops_ring, uniq_terence, uniq_jessica

Skill      XL: |  1  2  3  4 |
---------------+-------------+-----
Fighting       | 1 |  1.5
Short Blades   | 2 |  2.4
Dodging        | 3 |  3.0
Stealth        | |  4.6
Spellcasting   | |  2.7
Hexes          | |  3.3

Action                   |  1- 3 |  4- 6 || total
-------------------------+-------+-------++-------
Melee: Dagger            |    31 |    11 ||    42
       Punch             |     1 |       ||     1
 Cast: Ensorcelled Hiber |     5 |     2 ||     7
Invok: Renounce Religion |     1 |       ||     1
  Use: Scroll            |       |     2 ||     2
 Stab: Sleeping          |    11 |     1 ||    12
Armor: Robe              |     1 |       ||     1
Dodge: Dodged            |    14 |     7 ||    21

Table legend: (Time is in decaauts)
 A = Elapsed time spent in this place.
 B = Non-inter-level travel time spent in this place.
 C = Inter-level travel time spent in this place.
 D = Time resting spent in this place.
 E = Time spent auto-exploring this place.
 F = Levels seen in this place.
 G = Mean time per level.
                   A        B        C        D        E       F      G
               +--------+--------+--------+--------+--------+-----+--------+
         Total |   1167 |   1167 |      0 |    562 |      0 |   2 |  583.5 |
       Dungeon |   1167 |   1167 |      0 |    562 |      0 |   2 |  583.5 |
               +--------+--------+--------+--------+--------+-----+--------+

Top non-repeatable levels by time:
     D:2: 633 daAuts
     D:1: 534 daAuts
